 Dungeon Crawl Stone Soup version 0.17-a0-1301-ga863c44 (webtiles) character file.

119 kidanger the Grave Robber (level 4, -16/30 HPs)
             Began as a Mummy Necromancer on June 7, 2015.
             Demolished by an ogre
             ... wielding a +0 giant club
              (26 damage)
             ... on level 3 of the Dungeon.
             The game lasted 00:10:51 (6918 turns).

kidanger the Grave Robber (Mummy Necromancer)       Turns: 6918, Time: 00:10:51

Health: -16/30     AC:  2    Str: 11    XL:     4   Next: 73%
Magic:  3/9        EV: 12    Int: 15    God:
Gold:   70         SH:  0    Dex: 12    Spells: 4 memorised, 1 level left

rFire  x . .     SeeInvis .     (no weapon)
rCold  + . .     Clarity  .     a - +0 robe
rNeg   + + +     SustAt   .     (no shield)
rPois  ∞         Gourm    .     (no helmet)
rElec  .         Spirit   .     (no cloak)
rCorr  .         Warding  .     (no gloves)
rMut   +         Stasis   .     (no boots)
MR     .....                    g - amulet of resist mutation
Stlth  +++.......               (no ring)
                                k - ring of stealth

@: very slightly contaminated, not resistant to hostile enchantments, fairly
stealthy
A: no food or potions, fire vulnerability, cold resistance 1, negative energy
resistance 3, torment resistance, unbreathing
a: no special abilities


You were on level 3 of the Dungeon.
You were not hungry.

You visited 1 branch of the dungeon, and saw 3 of its levels.

You collected 70 gold pieces.

Inventory:

Armour
 a - a +0 robe (worn)
Jewellery
 g - an amulet of resist mutation (around neck)
 k - a ring of stealth (left hand)
Scrolls
 c - 6 scrolls of identify {unknown}
 d - 4 scrolls of enchant armour {unknown}
 e - a scroll of immolation {unknown}
 f - 3 scrolls of recharging {unknown}
 h - 3 scrolls of noise {unknown}
 i - a scroll of fear {unknown}
 j - 2 scrolls of teleportation {unknown}
 m - a scroll of remove curse {unknown}
Books
 b - a book of Necromancy

   Spells                             Type                      Level
   a - Pain                           Necromancy                   1
   b - Animate Skeleton               Necromancy                   1
   c - Vampiric Draining              Necromancy                   3
   d - Regeneration                   Charms/Necromancy            3
   e - Animate Dead                   Necromancy                   4
   f - Control Undead                 Necromancy                   4


   Skills:
 + Level 0.2 Fighting
 + Level 1.9 Dodging
 + Level 1.6 Stealth
 + Level 3.5 Spellcasting
 + Level 4.9 Necromancy


You had one spell level left.
You knew the following spells:

 Your Spells              Type           Power        Failure   Level  Hunger
a - Pain                  Necr           ###.         2%          1    N/A
b - Animate Skeleton      Necr           N/A          2%          1    N/A
c - Vampiric Draining     Necr           ###.......   10%         3    N/A
d - Animate Dead          Necr           N/A          28%         4    N/A

Dungeon Overview and Level Annotations

Branches:
Dungeon (3/15)

Altars:
Fedhas


Innate Abilities, Weirdness & Mutations

You do not eat or drink.
Your flesh is vulnerable to fire.
You are immune to poison.
Your flesh is cold resistant.
You are immune to negative energy.
You are immune to unholy pain and torment.
You can survive without breathing.


Message History

Casting: Pain
Confirm with . or Enter, or press ? or * to list all spells.
Aiming: Pain
Press: ? - help, Shift-Dir - straight line, f/p - ogre
Aim: an ogre, wielding a giant club (moderately wounded, chance to defeat MR: 76%)
You miscast Pain.
You are very lightly contaminated with residual magic.
Nothing appears to happen.
The ogre hits you with a giant club!!
Ouch! That really hurt!
* * * LOW HITPOINT WARNING * * *
Your giant gecko zombie bites the ogre.
Casting: Pain
Confirm with . or Enter, or press ? or * to list all spells.
Aiming: Vampiric Draining
Press: ? - help, Shift-Dir - straight line, f/p - ogre
Aim: an ogre, wielding a giant club (moderately wounded)
The ogre is severely wounded.
You feel life coursing into your body. The ogre hits you with a giant club!!
Ouch! That really hurt!
You die...

##.....# #....##.#.#####..
....#.## ####....#........
..<.#.###.####.............
....#..........##.#........
.....####.####.##.#........
.....# ###...........
.....# #.#### ####.#####.
####.. ..?..####.....#
#...@O.....#
...###...Z......##
...................
................##.
...........###### .
.........."# ...........#
...........# #..8.8.....#


You could see an ogre and a friendly giant gecko zombie.

Vanquished Creatures
  3 adders
  An ooze (D:3)
  A worm (D:2)
  3 giant geckos
  4 orcs (D:3)
  2 ball pythons
  4 giant cockroaches (D:2)
  7 goblins
  8 hobgoblins
  3 jackals
  8 kobolds
  A quokka (D:2)
  10 bats
  2 giant newts (D:1)
  7 rats
64 creatures vanquished.

Vanquished Creatures (collateral kills)
  An ooze (D:2)
  A worm (D:2)
  2 giant cockroaches (D:2)
  A goblin (D:1)
  A hobgoblin (D:2)
  A plant (D:1)
7 creatures vanquished.

Grand Total: 71 creatures vanquished

Notes
Turn   | Place    | Note
--------------------------------------------------------------
     0 | D:1      | kidanger the Mummy Necromancer began the quest for the Orb.
     0 | D:1      | Reached XP level 1. HP: 13/13 MP: 3/3
   226 | D:1      | Learned a level 1 spell: Animate Skeleton
   327 | D:1      | Reached XP level 2. HP: 17/19 MP: 0/5
  1068 | D:1      | Reached XP level 3. HP: 24/24 MP: 1/6
  2001 | D:2      | Reached XP level 4. HP: 30/30 MP: 4/8
  2008 | D:2      | Learned a level 3 spell: Vampiric Draining
  2013 | D:2      | Learned a level 4 spell: Animate Dead
  6299 | D:2      | Noticed a hornet
  6808 | D:3      | Found a blossoming altar of Fedhas.
  6913 | D:3      | Noticed an ogre
  6918 | D:3      | Demolished by an ogre

Vault maps used:
D:1:      kilobyte_arrival_exit_the_forest, st_stairs_1, serial_bayou_ford_a,
          minmay_misc_feat_four_crosses, minmay_box_of_dots
D:3:      zin_statuary, fedhas_altar_2

Action                   |  1- 3 |  4- 6 || total
-------------------------+-------+-------++-------
Melee: Unarmed           |    31 |     2 ||    33
 Cast: Pain              |    84 |    45 ||   129
       Animate Skeleton  |    21 |     1 ||    22
       Animate Dead      |       |    20 ||    20
       Vampiric Draining |       |     1 ||     1
